Map: Orbital Shipyard

Players

Grumm - Winner!

  • Race: Protoss Protoss
  • League: Gold

NebulaRaider

  • Race: Terran Terran
  • League: Platinum

VOD

Have the link to the VOD?

Description

Time

  • Played on: Feb. 18, 2016, 7:04 p.m.
  • Length: 15:48
Show
View Real Time Build Order
Export as new Build Order

Grumm Protoss - Winner!

Build Orders: 1 Gate Expand 

Get SALT Encoding   

  12  0:01  Probe (Chrono Boost)  
  13  0:11  Probe (Chrono Boost)  
  14  0:18  Pylon  
  14  0:22  Probe (Chrono Boost)  
  15  0:36  Probe (Chrono Boost)  
  15  0:38  Gateway  
  16  0:47  Probe (Chrono Boost)  
  17  0:51  Assimilator  
  17  0:57  Probe (Chrono Boost)  
  18  1:08  Probe (Chrono Boost)  
  19  1:23  Nexus  
  19  1:35  Cybernetics Core  
  19  1:37  Probe (Chrono Boost)  
  20  1:50  Probe (Chrono Boost)  
  21  2:01  Probe (Chrono Boost)  
  22  2:07  Pylon  
  22  2:11  Pylon  
  22  2:13  Warp Gate (Chrono Boost)  
  22  2:14  Adept  
  23  2:25  Assimilator, Probe (Chrono Boost)  
  24  2:39  Pylon  
  26  2:51  Adept  
  26  3:02  Probe (Chrono Boost)  
  27  3:12  Probe (Chrono Boost)  
  28  3:15  Stargate  
  28  3:24  Gateway  
  28  3:27  Robotics Facility  
  28  3:29  Pylon  
  28  3:31  Probe (Chrono Boost)  
  28  3:32  Probe  
  30  3:39  Assimilator  
  30  3:42  Probe  
  30  3:44  Assimilator  
  30  3:45  Probe  
  32  3:52  Probe  
  33  3:57  Gateway  
  33  4:08  Probe  
  34  4:12  Oracle (Chrono Boost)  
  34  4:16  Warp Prism  
  39  4:19  Stalker  
  41  4:25  Adept  
  43  4:33  Pylon  
  43  4:36  Forge  
  43  4:38  Probe  
  43  4:39  Probe  
  45  4:52  Probe  
  46  5:01  Stalker  
  46  5:03  Adept  
  46  5:05  Zealot  
  56  5:21  Observer  
  50  5:27  Photon Cannon  
  47  5:30  Photon Cannon  
  47  5:33  Stalker  
  47  5:34  Stalker  
  47  5:36  Stalker  
  48  5:49  Probe  
  45  5:50  Probe  
  43  6:02  Probe  
  44  6:13  Zealot x2  
  44  6:15  Adept  
  31  7:05  Stalker x2  
  31  7:06  Stalker  
  33  7:33  Stalker x3, Probe  
  33  7:34  Probe  
  31  7:49  Probe  
  31  7:51  Probe  
  33  7:58  Adept x3  
  27  8:21  Probe  
  28  8:30  Probe  
  28  8:33  Immortal  
  33  8:34  Probe  
  33  8:40  Probe  
  34  8:42  Photon Cannon  
  34  8:47  Probe  
  36  8:50  Void Ray (Chrono Boost)  
  36  8:51  Probe  
  36  8:52  Adept, Zealot  
  36  8:53  Zealot  
  47  8:59  Probe  
  47  9:01  Probe  
  48  9:08  Protoss Ground Weapons Level 1  
  49  9:11  Probe  
  49  9:12  Probe  
  51  9:22  Probe  
  51  9:23  Probe  
  53  9:28  Warp Prism  
  55  9:37  Robotics Bay  
  55  9:40  Adept x2  
  59  10:23  Stalker  
  59  10:24  Stalker x2  
  60  11:05  Zealot x3  
  48  11:26  Probe  
  48  11:27  Probe  
  48  11:30  Void Ray (Chrono Boost)  
  57  11:35  Colossus  
  57  11:37  Extended Thermal Lance  
  57  11:38  Gateway  
  57  11:39  Probe  
  61  11:42  Adept x2, Gateway  
  61  11:43  Adept  
  61  11:45  Pylon  
  67  12:06  Adept  
  67  12:07  Adept x2  
  73  12:29  Stalker x2  
  71  12:30  Stalker  
  71  12:53  Colossus (Chrono Boost)  
  77  12:59  Stalker  
  77  13:00  Adept x2  
  77  13:01  Adept  
  77  13:02  Protoss Ground Armor Level 1  
  79  13:20  Void Ray (Chrono Boost)  
  79  13:25  Stalker  
  85  13:28  Probe  
  86  13:41  Nexus  
  86  14:10  Colossus  
  82  14:21  Adept x2  
  80  14:36  Zealot x3  
  78  14:50  Stalker  
  78  14:51  Stalker  
  76  15:12  Stalker x3  
  82  15:18  Probe x2  
Show
View Real Time Build Order
Export as new Build Order

NebulaRaider Terran 

Build Orders: Cyclone Opening, MMM Bio 

Get SALT Encoding   

  12  0:01  SCV  
  13  0:18  SCV  
  13  0:21  Supply Depot  
  14  0:30  Refinery  
  14  0:44  SCV, Barracks  
  15  0:59  SCV  
  16  1:13  SCV  
  16  1:14  Refinery  
  16  1:16  Supply Depot  
  17  1:29  SCV  
  17  1:32  Reaper  
  19  1:55  Orbital Command  
  19  1:58  Factory  
  19  2:08  Barracks Tech Lab  
  19  2:20  Engineering Bay  
  19  2:21  SCV  
  20  2:33  SCV  
  21  2:40  Barracks Tech Lab  
  21  2:52  Starport  
  21  2:53  SCV  
  21  2:55  Cyclone  
  25  3:12  SCV  
  26  3:15  Missile Turret  
  26  3:24  SCV  
  26  3:25  Barracks Tech Lab  
  26  3:26  Supply Depot  
  27  3:36  SCV  
  27  3:38  Banshee  
  27  3:39  Cloaking Field  
  31  3:48  SCV  
  32  3:49  Marine  
  33  4:12  SCV  
  33  4:15  Command Center  
  34  4:20  Marine  
  34  4:21  Banshee  
  34  4:23  Stimpack  
  38  4:26  SCV  
  39  4:39  Supply Depot, Siege Tank  
  41  5:00  Marine  
  42  5:11  SCV  
  40  5:25  Marine  
  40  5:26  Cyclone  
  40  5:27  Viking  
  46  5:33  Orbital Command  
  46  5:36  Barracks  
  46  5:37  Barracks  
  43  5:50  SCV  
  43  5:56  Marine  
  45  6:03  SCV  
  43  6:05  Terran Infantry Weapons Level 1  
  43  6:10  Siege Tank  
  40  6:25  Marine x2  
  41  6:35  Combat Shields  
  41  6:37  SCV x2  
  42  6:40  Missile Turret  
  42  6:42  Refinery  
  42  6:43  Refinery  
  44  6:59  Siege Tank  
  47  7:04  Barracks Reactor x2  
  47  7:06  Supply Depot  
  42  7:16  Marine  
  41  7:34  Marine  
  36  7:51  Marine x4  
  34  7:52  Marine  
  34  7:56  SCV x2  
  38  7:58  Barracks  
  38  7:59  Barracks  
  38  8:10  Marine  
  38  8:11  Medivac  
  29  8:24  SCV x2  
  31  8:28  Marine  
  31  8:29  Marine  
  31  8:30  Marine x3  
  36  8:37  SCV x2  
  38  8:43  Supply Depot  
  38  8:47  Viking, Barracks  
  40  8:54  Marine x6  
  46  8:58  SCV x2  
  48  9:14  SCV x2  
  50  9:17  Barracks Reactor  
  50  9:18  Marine x3  
  53  9:30  SCV x2  
  55  9:37  Barracks Reactor  
  55  9:40  Concussive Shells  
  55  9:46  Command Center  
  55  9:49  Medivac  
  57  9:57  SCV  
  57  9:58  SCV  
  59  10:05  Marine x3  
  59  10:06  Marine x5  
  67  10:10  Siege Tank  
  70  10:22  SCV  
  70  10:25  Marine  
  70  10:29  SCV  
  70  10:50  Supply Depot  
  70  10:54  Supply Depot  
  70  10:57  Raven, Marine x7  
  70  10:58  High Capacity Fuel Tanks, Marine x2, SCV  
  70  11:02  Orbital Command  
  69  11:23  Marine x5  
  74  11:30  Orbital Command  
  74  11:45  SCV x2  
  76  11:47  Refinery  
  76  11:53  Marine x2  
  76  11:54  Marine  
  78  11:57  SCV  
  78  12:00  Terran Infantry Armor Level 1  
  80  12:08  SCV  
  80  12:09  SCV x2  
  80  12:14  Starport Reactor  
  80  12:29  SCV  
  76  12:30  SCV x2  
  78  12:41  Marine  
  78  12:42  Marine x7, SCV  
  78  12:43  Marine  
  84  12:59  SCV x3  
  84  13:01  Marine x3  
  84  13:02  Marine x3  
  93  13:11  SCV  
  88  13:25  Refinery  
  88  13:26  Viking x2  
  92  13:28  SCV x3  
  92  13:30  Refinery  
  95  13:39  Sensor Tower  
  95  13:40  SCV x2  
  81  14:17  Marine x5  
  63  14:24  Marine  
  63  14:25  Marine x3  
  56  14:35  Marine x2  
  51  14:38  Marine x2  
  51  14:39  Marine  
  51  14:40  Viking x2  
  44  14:52  SCV x2  
  35  15:04  Marine  
  35  15:05  Marine x6  
  30  15:18  SCV x2  
Tags
 
Add a new tag
Caveats
  • Supply blocks, unpowered buildings, or Contaminate may cause inaccurate times.
  • Supply counts are checked every 10 seconds.